MID
WEST MICHIGAN WHITECAPS @ BOWLING GREEN HOT RODS
07/12/2047
 
TOP OF THE 1ST
West Michigan Whitecaps batting - Pitching for Bowling Green Hot Rods : RHP Julio Trejo
Pitching: RHP Julio Trejo
Batting: RHB Jon Goldstein 0-0: SINGLE (Flyball, 34D, EV 83.8 MPH)
Batting: LHB Jon Pedlar 0-0: Ball
1-0: Fielders Choice at 2nd, 1-6 (Groundball, 34S, EV 65.0 MPH)
Batting: LHB Dave Carlisle 0-0: Called Strike
0-1: Foul Ball, location: 2F
0-2: Ball
1-2: Strikes out looking
Batting: LHB Brad Gaskill 0-0: Ball
1-0: Called Strike
1-1: Swinging Strike
1-2: Ball
2-2: Ball
3-2: Strikes out looking
Top of the 1st over - 0 runs, 1 hit, 0 errors, 1 left on base; West Michigan 0 - Bowling Green 0
BOTTOM OF THE 1ST
Bowling Green Hot Rods batting - Pitching for West Michigan Whitecaps : RHP Dan Keener
Pitching: RHP Dan Keener
Batting: RHB James Huddleston 0-0: Foul Ball, location: 2F
0-1: Foul Ball, location: 2F
0-2: Foul Ball, location: 2F
0-2: Ball
1-2: Foul Ball, location: 2F
1-2: Foul Ball, location: 2F
1-2: Foul Ball, location: 2F
1-2: Fly out, F7 (Flyball, 7D, EV 85.6 MPH)
Batting: RHB Alex Diaz 0-0: Foul Ball, location: 2F
0-1: Ball
1-1: Foul Ball, location: 2F
1-2: Strikes out swinging
Batting: LHB Rich Matthews 0-0: Foul Ball, location: 2F
0-1: Fly out, F9 (Flyball, 89D, EV 87.5 MPH)
Bottom of the 1st over - 0 runs, 0 hits, 0 errors, 0 left on base; West Michigan 0 - Bowling Green 0
TOP OF THE 2ND
West Michigan Whitecaps batting - Pitching for Bowling Green Hot Rods : RHP Julio Trejo
Batting: SHB Willie Medina 0-0: Foul Ball, location: 2F
0-1: Ground out 4-3 (Groundball, 4MS, EV 68.1 MPH)
Batting: RHB German Quiroga 0-0: Ball
1-0: Fly out, F2 (Popup, 15S, EV 82.5 MPH)
Batting: RHB Scott Carr 0-0: Ball
1-0: Foul Ball, location: 2F
1-1: Ball
2-1: Ball
3-1: Ground out 2-3 (Groundball, 2L, EV 66.9 MPH)
Top of the 2nd over - 0 runs, 0 hits, 0 errors, 0 left on base; West Michigan 0 - Bowling Green 0
BOTTOM OF THE 2ND
Bowling Green Hot Rods batting - Pitching for West Michigan Whitecaps : RHP Dan Keener
Batting: RHB Azedine Kirui 0-0: Ball
1-0: Called Strike
1-1: Ball
2-1: Ball
3-1: Called Strike
3-2: Strikes out swinging
Batting: RHB Antonio Pacheco 0-0: Called Strike
0-1: DOUBLE (Line Drive, 78XD, EV 109.4 MPH)
Batting: LHB Sean Banks 0-0: Foul Ball, location: 2F
0-1: Called Strike
0-2: Strikes out swinging
Batting: RHB John Downing 0-0: Ball
1-0: Called Strike
1-1: Ball
2-1: Foul Ball, location: 2F
2-2: Strikes out swinging
Bottom of the 2nd over - 0 runs, 1 hit, 0 errors, 1 left on base; West Michigan 0 - Bowling Green 0
TOP OF THE 3RD
West Michigan Whitecaps batting - Pitching for Bowling Green Hot Rods : RHP Julio Trejo
Batting: LHB Steve Herrera 0-0: Ball
1-0: Called Strike
1-1: Swinging Strike
1-2: Ball
2-2: Strikes out swinging
Batting: RHB Yaremka Rzhevsky 0-0: Ball
1-0: Ball
2-0: Swinging Strike
2-1: Called Strike
2-2: SINGLE (Groundball, 56S, EV 68.8 MPH) (infield hit)
Batting: RHB Jon Goldstein Pickoff Throw to First - Out! 1-3
0-0: Swinging Strike
0-1: Ball
1-1: Foul Ball, location: 2F
1-2: Ball
2-2: Ball
3-2: Ground out 6-3 (Groundball, 6, EV 86.2 MPH)
Top of the 3rd over - 0 runs, 1 hit, 0 errors, 0 left on base; West Michigan 0 - Bowling Green 0
BOTTOM OF THE 3RD
Bowling Green Hot Rods batting - Pitching for West Michigan Whitecaps : RHP Dan Keener
Batting: LHB Dan Hunt 0-0: Ball
1-0: Ball
2-0: Ball
3-0: Base on Balls
Batting: RHB Dusty Camelli 0-0: Ball
1-0: Fly out, F9 (Flyball, 89D, EV 91.2 MPH)
Batting: RHB James Huddleston 0-0: Called Strike
Dan Hunt steals 2nd base
0-1: Ball
1-1: Ball
2-1: Ground out 6-3 (Groundball, 6M, EV 88.8 MPH)
Dan Hunt to third
Batting: RHB Alex Diaz 0-0: Called Strike
0-1: Ball
1-1: Foul Ball, location: 2F
1-2: SINGLE (Groundball, 5S, EV 63.8 MPH) (infield hit)
Dan Hunt scores
Batting: LHB Rich Matthews 0-0: SINGLE (Line Drive, 4D, EV 94.4 MPH)
Alex Diaz to second
Runner from 2nd tries for 3rd, SAFE, no throw by RF
Batting: RHB Azedine Kirui 0-0: Foul Ball, location: 2F
0-1: Ball
1-1: Fly out, F8 (Flyball, 8RM, EV 87.5 MPH)
Bottom of the 3rd over - 1 run, 2 hits, 0 errors, 2 left on base; West Michigan 0 - Bowling Green 1
TOP OF THE 4TH
West Michigan Whitecaps batting - Pitching for Bowling Green Hot Rods : RHP Julio Trejo
Batting: LHB Jon Pedlar 0-0: Ground out 4-3 (Groundball, 4, EV 93.1 MPH)
Batting: LHB Dave Carlisle 0-0: SINGLE (Line Drive, 9S, EV 105.0 MPH)
Batting: LHB Brad Gaskill 0-0: Ball
1-0: Ball
2-0: Ball
3-0: Base on Balls
Dave Carlisle to second
Batting: SHB Willie Medina 0-0: Called Strike
0-1: Ball
1-1: Foul Ball, location: 2F
1-2: Ball
2-2: Ball
3-2: Strikes out swinging
Batting: RHB German Quiroga 0-0: Foul Ball, location: 2F
0-1: Swinging Strike
0-2: Ball
1-2: Ball
2-2: Strikes out swinging
Top of the 4th over - 0 runs, 1 hit, 0 errors, 2 left on base; West Michigan 0 - Bowling Green 1
BOTTOM OF THE 4TH
Bowling Green Hot Rods batting - Pitching for West Michigan Whitecaps : RHP Dan Keener
Batting: RHB Antonio Pacheco 0-0: Called Strike
0-1: Ball
1-1: Called Strike
1-2: Ball
2-2: Ball
3-2: Base on Balls
Batting: LHB Sean Banks 0-0: Called Strike
0-1: Ball
1-1: SINGLE (Flyball, 89M, EV 88.1 MPH)
Antonio Pacheco to second
Runner from 2nd tries for 3rd, SAFE, throw by RF made to third
Batting: RHB John Downing 0-0: Ball
1-0: SINGLE (Line Drive, 8RS, EV 91.2 MPH)
Antonio Pacheco scores
Sean Banks to second
Batting: LHB Dan Hunt 0-0: Ball
1-0: Called Strike
1-1: Fly out, F9 (Flyball, 9S, EV 90.0 MPH)
Batting: RHB Dusty Camelli 0-0: 3-RUN HOME RUN (Flyball, 9D, EV 93.1 MPH), Distance : 351 ft
Batting: RHB James Huddleston 0-0: Ball
1-0: Called Strike
1-1: Ball
2-1: Ball
3-1: Ground out 5-3 (Groundball, 56S, EV 77.5 MPH)
Batting: RHB Alex Diaz 0-0: Ball
1-0: Fly out, F9 (Flyball, 89S, EV 93.1 MPH)
Bottom of the 4th over - 4 runs, 3 hits, 0 errors, 0 left on base; West Michigan 0 - Bowling Green 5
TOP OF THE 5TH
West Michigan Whitecaps batting - Pitching for Bowling Green Hot Rods : RHP Julio Trejo
Batting: RHB Scott Carr 0-0: Ball
1-0: DOUBLE (Line Drive, 89D, EV 111.9 MPH)
Batting: LHB Steve Herrera 0-0: Called Strike
0-1: Ball
1-1: Ball
2-1: Ground out 4-3 (Groundball, 4MD, EV 91.2 MPH)
Scott Carr to third
Batting: RHB Yaremka Rzhevsky 0-0: Ball
1-0: Called Strike
1-1: Ball
2-1: Ball
3-1: Foul Ball, location: 2F
3-2: Foul Ball, location: 2F
3-2: Fly out, F3 (Popup, 3SF, EV 67.5 MPH)
Batting: RHB Jon Goldstein 0-0: Ball
1-0: Called Strike
1-1: Called Strike
1-2: Ball
2-2: Ground out 1-3 (Groundball, 13S, EV 68.8 MPH)
Top of the 5th over - 0 runs, 1 hit, 0 errors, 1 left on base; West Michigan 0 - Bowling Green 5
BOTTOM OF THE 5TH
Bowling Green Hot Rods batting - Pitching for West Michigan Whitecaps : RHP Dan Keener
Batting: LHB Rich Matthews 0-0: Fly out, F7 (Flyball, 7, EV 88.1 MPH)
Batting: RHB Azedine Kirui 0-0: Ball
1-0: Ball
2-0: Foul Ball, location: 2F
2-1: Ball
3-1: Foul Ball, location: 2F
3-2: Base on Balls
Pitching: RHP Matt Sturge
Batting: RHB Antonio Pacheco 0-0: Foul Ball, location: 2F
0-1: Ball
1-1: Foul Ball, location: 2F
1-2: Ball
2-2: Strikes out swinging
Batting: LHB Sean Banks 0-0: Ball
1-0: Called Strike
1-1: Ball
2-1: Foul Ball, location: 2F
2-2: Strikes out swinging
Bottom of the 5th over - 0 runs, 0 hits, 0 errors, 1 left on base; West Michigan 0 - Bowling Green 5
TOP OF THE 6TH
West Michigan Whitecaps batting - Pitching for Bowling Green Hot Rods : RHP Julio Trejo
Batting: LHB Jon Pedlar 0-0: Called Strike
0-1: Called Strike
0-2: Ball
1-2: Foul Ball, location: 2F
1-2: Foul Ball, location: 2F
1-2: Ball
2-2: Ball
3-2: SINGLE (Line Drive, 7S, EV 105.0 MPH)
Batting: LHB Dave Carlisle 0-0: Ball
1-0: SINGLE (Groundball, 4MD, EV 105.0 MPH)
Jon Pedlar to second
Batting: LHB Brad Gaskill 0-0: Ball
1-0: Fly out, F8 (Flyball, 78M, EV 80.0 MPH)
Batting: SHB Willie Medina 0-0: Swinging Strike
0-1: Swinging Strike
0-2: Ball
1-2: Strikes out swinging
Batting: RHB German Quiroga 0-0: Fielders Choice at 2nd, 5-4 (Groundball, 5, EV 89.4 MPH)
Top of the 6th over - 0 runs, 2 hits, 0 errors, 2 left on base; West Michigan 0 - Bowling Green 5
BOTTOM OF THE 6TH
Bowling Green Hot Rods batting - Pitching for West Michigan Whitecaps : RHP Matt Sturge
Batting: RHB John Downing 0-0: Called Strike
0-1: Ball
1-1: Ball
2-1: Ball
3-1: Foul Ball, location: 2F
3-2: Foul Ball, location: 2F
3-2: Foul Ball, location: 2F
3-2: DOUBLE (Flyball, 78D, EV 103.1 MPH)
Batting: LHB Dan Hunt 0-0: Ball
1-0: Ball
2-0: Called Strike
2-1: Ball
3-1: Ground out 6-3 (Groundball, 6, EV 83.1 MPH)
Batting: RHB Dusty Camelli 0-0: Swinging Strike
0-1: Ball
1-1: Called Strike
1-2: Ball
2-2: Ground out U3 (Groundball, 34, EV 106.9 MPH)
John Downing to third
Batting: RHB James Huddleston 0-0: Swinging Strike
0-1: SINGLE (Groundball, 6S, EV 65.0 MPH) (infield hit)
John Downing scores
Batting: RHB Alex Diaz 0-0: Swinging Strike
0-1: Foul Ball, location: 2F
0-2: Ball
1-2: Ball
2-2: SINGLE (Groundball, 56D, EV 95.0 MPH)
James Huddleston to second
Batting: LHB Rich Matthews 0-0: Called Strike
0-1: Ground out 4-3 (Groundball, 4, EV 102.5 MPH)
Bottom of the 6th over - 1 run, 3 hits, 0 errors, 2 left on base; West Michigan 0 - Bowling Green 6
TOP OF THE 7TH
West Michigan Whitecaps batting - Pitching for Bowling Green Hot Rods : RHP Julio Trejo
Batting: RHB Scott Carr 0-0: Ball
1-0: Swinging Strike
1-1: Foul Ball, location: 2F
1-2: Ball
2-2: Ball
3-2: Ground out 5-3 (Groundball, 56, EV 87.5 MPH)
Batting: LHB Steve Herrera 0-0: Called Strike
0-1: Ball
1-1: Ball
2-1: Ground out 1-3 (Groundball, 23, EV 69.4 MPH)
Batting: RHB Yaremka Rzhevsky 0-0: Ball
1-0: Foul Ball, location: 2F
1-1: Fly out, F9 (Flyball, 9D, EV 109.4 MPH)
Top of the 7th over - 0 runs, 0 hits, 0 errors, 0 left on base; West Michigan 0 - Bowling Green 6
BOTTOM OF THE 7TH
Bowling Green Hot Rods batting - Pitching for West Michigan Whitecaps : RHP Matt Sturge
Batting: RHB Azedine Kirui 0-0: Ball
1-0: Called Strike
1-1: Foul Ball, location: 2F
1-2: Hit by Pitch
Pitching: LHP Chris Thomas
Batting: RHB Antonio Pacheco 0-0: Swinging Strike
0-1: Ball
1-1: Ball
Wild Pitch!
Azedine Kirui to second
2-1: Foul Ball, location: 2F
2-2: Foul Ball, location: 2F
2-2: Foul Ball, location: 2F
2-2: Foul Ball, location: 2F
2-2: Foul Ball, location: 2F
2-2: Ball
3-2: Foul Ball, location: 2F
3-2: Strikes out looking
Batting: LHB Sean Banks 0-0: Foul Ball, location: 2F
0-1: Ball
1-1: Ball
2-1: Fly out, F8 (Line Drive, 8RM, EV 89.4 MPH)
Batting: RHB John Downing 0-0: Ball
1-0: Ball
2-0: Called Strike
2-1: Ball
3-1: Base on Balls
Batting: LHB Dan Hunt 0-0: Called Strike
0-1: Swinging Strike
0-2: Strikes out looking
Bottom of the 7th over - 0 runs, 0 hits, 0 errors, 2 left on base; West Michigan 0 - Bowling Green 6
TOP OF THE 8TH
West Michigan Whitecaps batting - Pitching for Bowling Green Hot Rods : RHP Julio Trejo
Pitching: RHP Kingo Tsutsumi
Batting: RHB Jon Goldstein 0-0: Ground out 6-3 (Groundball, 6, EV 108.8 MPH)
Batting: LHB Jon Pedlar 0-0: Called Strike
0-1: Foul Ball, location: 2F
0-2: Ball
1-2: Foul Ball, location: 2F
1-2: Ball
2-2: Strikes out looking
Batting: LHB Dave Carlisle 0-0: Called Strike
0-1: Ball
1-1: Ball
2-1: Swinging Strike
2-2: Foul Ball, location: 2F
2-2: Ball
3-2: Base on Balls
Batting: LHB Brad Gaskill 0-0: Called Strike
0-1: Ball
1-1: Ball
2-1: SINGLE (Flyball, 78S, EV 93.8 MPH)
Dave Carlisle to second
Batting: SHB Willie Medina 0-0: Called Strike
0-1: Ball
1-1: Called Strike
1-2: Ball
2-2: Strikes out swinging
Top of the 8th over - 0 runs, 1 hit, 0 errors, 2 left on base; West Michigan 0 - Bowling Green 6
BOTTOM OF THE 8TH
Bowling Green Hot Rods batting - Pitching for West Michigan Whitecaps : LHP Chris Thomas
Batting: RHB Dusty Camelli 0-0: Reached via error on a dropped throw from 2B, E3 (Groundball, 34D, EV 77.5 MPH)
Batting: RHB James Huddleston Pickoff Throw to First - Out! 1-3
0-0: Ball
1-0: Ground out 3-1 (Groundball, 34, EV 80.6 MPH)
Batting: RHB Alex Diaz 0-0: Ball
1-0: Foul Ball, location: 2F
1-1: Foul Ball, location: 2F
1-2: Strikes out swinging
Bottom of the 8th over - 0 runs, 0 hits, 1 error, 0 left on base; West Michigan 0 - Bowling Green 6
TOP OF THE 9TH
West Michigan Whitecaps batting - Pitching for Bowling Green Hot Rods : RHP Kingo Tsutsumi
Batting: RHB German Quiroga 0-0: Ball
1-0: Foul Ball, location: 2F
1-1: Ground out 3-1 (Groundball, 34, EV 93.8 MPH)
Batting: RHB Scott Carr 0-0: Ball
1-0: Ball
2-0: Called Strike
2-1: Ground out U3 (Groundball, 3, EV 88.8 MPH)
Batting: LHB Steve Herrera 0-0: Ball
1-0: Foul Ball, location: 2F
1-1: Ground out 6-3 (Groundball, 6, EV 110.6 MPH)
Top of the 9th over - 0 runs, 0 hits, 0 errors, 0 left on base; West Michigan 0 - Bowling Green 6
Thursday, December 15th , 2022 - OOTP Baseball 23.9 Build 102